 Dungeon Crawl Stone Soup version 0.24.0-37-gcf1ca852f1 (webtiles) character file.

Game seed: 13069245296734943490, levelgen mode: deterministic

157 Delamore the Chopper (level 5, -9/45 HPs)
             Began as a Hill Orc Fighter on Nov 28, 2019.
             Mangled by Sigmund
             ... wielding a +0 scythe
              (11 damage)
             ... on level 2 of the Dungeon.
             The game lasted 00:02:20 (1701 turns).

Delamore the Chopper (Hill Orc Fighter)             Turns: 1701, Time: 00:02:20

Health: -9/45      AC:  6    Str: 25    XL:     5   Next: 38%
Magic:  5/5        EV:  7    Int:  8    God:
Gold:   40         SH:  9    Dex: 10    Spells: 4/4 levels left

rFire    . . .     SeeInvis .   a - +0 war axe
rCold    . . .     Gourm    .   c - +0 shield
rNeg     . . .     Faith    .   b - +0 scale mail
rPois    .         Spirit   .   (no helmet)
rElec    .         Reflect  .   (no cloak)
rCorr    .         Harm     .   (no gloves)
MR       .....                  (no boots)
Stlth    ..........             (no amulet)
HPRegen  0.15/turn              (no ring)
MPRegen  0.09/turn              (no ring)

@: mighty, drained
A: no striking features
a: no special abilities


You were on level 2 of the Dungeon.
You were not hungry.

You visited 1 branch of the dungeon, and saw 2 of its levels.

You collected 40 gold pieces.

Inventory:

Hand Weapons
 a - a +0 war axe (weapon)
Armour
 b - a +0 scale mail (worn)
 c - a +0 shield (worn)
Jewellery
 j - an uncursed amulet of harm
Scrolls
 e - a scroll of teleportation {unknown}
 h - 3 scrolls of fog {unknown}
 k - a scroll of amnesia {unknown}
 m - a scroll of immolation {unknown}
 n - a scroll of remove curse {unknown}
Potions
 g - a potion of haste {unknown}
 i - a potion of brilliance {unknown}
 l - a potion of magic {unknown}
Comestibles
 f - 5 rations
 o - 3 chunks of flesh


   Skills:
 - Level 3.6(3.0) Fighting
 + Level 7.2(6.5) Axes
 - Level 3.2(2.6) Armour
 - Level 3.2(2.6) Shields


You had 4 spell levels left.
You didn't know any spells.
Your spell library was empty.

Dungeon Overview and Level Annotations

Branches:
Dungeon (2/15)

Altars:
Yredelemnul
The Shining One

Annotations:
D:2 Sigmund


Message History

You bump into the rock wall.
You're too confused to attack without stumbling around!
You're too confused to attack without stumbling around!
You're too confused to attack without stumbling around!
You're too confused to attack without stumbling around!
You closely miss something. Something hits you but does no damage.
You're too confused to move!
Something hits you!
You're too confused to move!
Something hits you.
You hear some strange, mumbled words.
Something tries to affect you, but you resist.
You hit something. Something hits you.
* * * LOW HITPOINT WARNING * * *
You feel very mighty all of a sudden.
You feel less confused. Something hits you.
* * * LOW HITPOINT WARNING * * *
You barely miss something. You miss something. Something hits you.
* * * LOW HITPOINT WARNING * * *
You completely miss something. Something hits you!
You die...

....)...)).......#...#
..<.........####)..########
............# #...........##
..........).###..#####.....##
...........##....# #......###
....#.....###..### ###......##
.....#.######..# ##......##
.>...#.........##########........
.....###........@{.....#######...
............############ ####
############# #


There were no monsters in sight!

Vanquished Creatures
  Jessica (D:2)
  4 gnolls (D:2)
  3 adders
  A worm (D:2)
  3 dart slugs (D:1)
  3 leopard geckos (D:2)
  2 giant cockroaches
  7 goblins
  2 hobgoblins
  6 jackals
  A quokka (D:2)
  5 bats
  5 frilled lizards
  7 kobolds
  8 rats
58 creatures vanquished.

Notes
Turn   | Place    | Note
-------+----------+-------------------------------------------
     0 | D:1      | Delamore the Hill Orc Fighter began the quest for the Orb.
     0 | D:1      | Reached XP level 1. HP: 19/19 MP: 1/1
    43 | D:1      | Reached skill level 3 in Axes
    83 | D:1      | Reached XP level 2. HP: 25/26 MP: 2/2
    87 | D:1      | Reached skill level 4 in Axes
   270 | D:1      | Reached XP level 3. HP: 31/31 MP: 3/3
   550 | D:2      | Reached skill level 5 in Axes
   865 | D:2      | Found a glowing golden altar of the Shining One.
   907 | D:2      | Reached XP level 4. HP: 34/39 MP: 4/4
   956 | D:2      | Reached skill level 6 in Axes
   973 | D:2      | Found a basalt altar of Yredelemnul.
  1295 | D:2      | Noticed Jessica
  1329 | D:1      | Reached XP level 5. HP: 5/45 MP: 5/5
  1344 | D:1      | HP: 2/45 [poisoned by an adder]
  1653 | D:2      | Killed Jessica
  1653 | D:2      | Reached skill level 7 in Axes
  1682 | D:2      | Noticed Sigmund
  1700 | D:2      | HP: 2/45 [something (5)]
  1701 | D:2      | Mangled by Sigmund

Levels and vault maps discovered:
D:1:      kennysheep_arrival_seaside, layout_rooms, minmay_misc_feat_roman
D:2:      layout_rooms, lemuel_coloured_pillars_altar,
          overflow_temple_1_default, first_ration, nicolae_tso_carved_into_rock,
          uniq_sigmund, uniq_jessica

Skill      XL: |  1  2  3  4  5 |
---------------+----------------+-----
Axes           | 3 4 5 6 7 |  7.2
Fighting       | |  3.6
Armour         | |  3.2
Shields        | |  3.2

Action                   |  1- 3 |  4- 6 || total
-------------------------+-------+-------++-------
Melee: War axe           |    99 |    65 ||   164
  Use: Potion            |       |     1 ||     1
  Eat: Chunk             |       |     3 ||     3
Armor: Scale mail        |    41 |    39 ||    80
Dodge: Dodged            |    35 |    31 ||    66
Block: Shield            |    45 |    57 ||   102
